 Dungeon Crawl Stone Soup version 0.23-a0-704-g7fdf9c5 (webtiles) character file.

8248 nikopol the Thaumaturge (level 11, -2/57 HPs)
             Began as a Deep Elf Fire Elementalist on Jan 14, 2019.
             Was a Follower of Vehumet.
             Slain by Snorg (26 damage)
             ... on level 10 of the Dungeon.
             The game lasted 00:33:43 (10602 turns).

nikopol the Thaumaturge (DEFE)                     Turns: 10602, Time: 00:33:44

Health: -2/57      AC:  8    Str:  5    XL:     11   Next: 7%
Magic:  16/29      EV: 13    Int: 24    God:    Vehumet [*.....]
Gold:   703        SH:  0    Dex: 15    Spells: 19/34 levels left

rFire    x . .     SeeInvis +   A - +1 flail (protect)
rCold    + . .     Gourm    .   (no shield)
rNeg     . . .     Faith    .   e - +1 leather armour {MR+}
rPois    .         Spirit   .   h - +2 hat {SInv}
rElec    .         Reflect  .   o - +0 cloak
rCorr    .         Harm     .   y - +0 pair of gloves
MR       ++...                  (no boots)
Stlth    +++.......             (no amulet)
HPRegen  0.19/turn              l - ring of ice
MPRegen  0.21/turn              (no ring)

@: no status effects
A: no striking features
a: Renounce Religion


You were on level 10 of the Dungeon.
You worshipped Vehumet.
Vehumet was aware of your devotion.
You were not hungry.

You visited 2 branches of the dungeon, and saw 11 of its levels.
You also visited: Ossuary.

You collected 703 gold pieces.

Inventory:

Hand Weapons
 A - a +1 flail of protection (weapon)
Armour
 e - a +1 leather armour of magic resistance (worn)
 h - a +2 hat of see invisible (worn)
 o - a +0 cloak (worn)
 y - a +0 pair of gloves (worn)
Jewellery
 l - a ring of ice (left hand)
 u - a +4 amulet of reflection {unknown}
 z - an uncursed ring of ice
Scrolls
 a - a scroll of silence {unknown}
 d - 4 scrolls of blinking
 g - a scroll of enchant weapon
 i - a scroll of fog
 s - 7 scrolls of fear
 w - 2 scrolls of magic mapping
 x - 3 scrolls of identify
 B - a scroll of brand weapon
Potions
 b - a potion of flight {unknown}
 f - 2 potions of invisibility
 j - 2 potions of resistance
 k - a potion of agility
 m - 2 potions of magic
 p - 5 potions of curing
 q - a potion of mutation {unknown}
 r - a potion of lignification
 t - 2 potions of might
 v - 2 potions of degeneration {unknown}
 C - 2 potions of brilliance {unknown}
Comestibles
 c - 15 rations


   Skills:
 + Level 1.9 Fighting
 * Level 3.8 Armour
 + Level 4.4 Dodging
 + Level 4.9 Stealth
 + Level 12.4 Spellcasting
 + Level 9.5 Conjurations
 + Level 10.3 Fire Magic


You had 19 spell levels left.
You knew the following spells:

 Your Spells              Type           Power        Failure   Level  Hunger
a - Flame Tongue          Conj/Fire      #####        1%          1    None
b - Throw Flame           Conj/Fire      ######       1%          2    None
c - Conjure Flame         Conj/Fire      ######..     1%          3    None
d - Sticky Flame          Conj/Fire      ######..     1%          4    None
e - Fireball              Conj/Fire      ######....   3%          5    ###....

Your spell library contained the following spells:

 Spells                   Type           Power        Failure   Level  Hunger
 Shock                    Conj/Air       ####         1%          1    None
 Magic Dart               Conj           ####         1%          1    None
 Inner Flame              Hex/Fire       #####...     2%          3    None


Dungeon Overview and Level Annotations

Branches:
Dungeon (10/15)            Temple (1/1) D:4             Orc (0/2) D:10
   Lair: D:8-11

Altars:
Ashenzari
Cheibriados
Dithmenos
Elyvilon
Fedhas
Gozag
Hepliaklqana
Kikubaaqudgha
Makhleb
Nemelex Xobeh
Okawaru
Qazlal
Ru
Sif Muna
Trog
Uskayaw
Vehumet
Wu Jian
Xom
Yredelemnul
Zin
The Shining One

Shops:
D:7 %

Annotations:
D:10 Snorg


Message History

Snorg is covered in liquid flames!
Snorg burns!
Snorg is engulfed in blazing flames.
Snorg barely misses you. Snorg claws you. Snorg claws you!
Casting: Sticky Flame (safe; 1% risk of failure)
Confirm with . or Enter, or press ? or * to list all spells.
Aiming: Flame Tongue (safe; 1% risk of failure)
Press: ? - help, Shift-Dir - straight line, f/p - Snorg
Aim: Snorg (flame, heavily wounded, berserk, fast, unusually strong, covered in liquid flames)
The flame tongue hits Snorg.
Snorg is severely wounded.
Snorg burns!
Snorg is engulfed in blazing flames.
Snorg bites you but does no damage. Snorg barely misses you.
Snorg completely misses you.
Snorg is engulfed in blazing flames.
Snorg bites you!!
* * * LOW HITPOINT WARNING * * *
Snorg closely misses you. Snorg claws you.
* * * LOW HITPOINT WARNING * * *
You feel much better.
Snorg burns!
Snorg is engulfed in blazing flames.
Snorg bites you!!
You die...

#.#.# #.#.#
#.#(# #.#)#
#########.#)#
#...[.).....#
..#######.###
#.#############.
#.......@T......
################


You could see Snorg (berserk).

Vanquished Creatures
  Gastronok (D:8)
  Harold (D:7)
  A two-headed ogre (D:8)
  An unseen horror (D:9)
  Grinder (D:3)
  Prince Ribbit (D:5)
  A hippogriff (D:7)
  Sigmund (D:3)
  Duvessa (D:4)
  4 ice beasts
  3 phantoms
  4 ogres
  6 centaurs
  2 crocodiles
  A big kobold (D:10)
  2 gnoll sergeants (D:10)
  3 bullfrogs
  2 scorpions
  Dowan (D:4)
  8 wights
  2 howler monkeys
  4 hounds
  A jelly (D:6)
  Crazy Yiuf (D:3)
  5 orc priests
  13 orc wizards
  Natasha (thrice) (D:3)
  An iguana (D:6)
  6 worker ants
  A hound zombie (D:6)
  A big kobold zombie (Ossuary)
  A hound skeleton (D:4)
  8 mummies (Ossuary)
  A worker ant zombie (D:7)
  Robin (D:3)
  12 adders
  3 gnolls (D:4)
  3 shadow imps
  2 oozes
  An adder zombie (D:9)
  2 adder skeletons
  2 worms
  2 dart slugs
  5 leopard geckos
  34 orcs
  5 giant cockroaches
  2 gnoll zombies (Ossuary)
  10 goblins
  9 hobgoblins
  19 jackals
  12 kobolds
  7 quokkas
  8 bats
  A frilled lizard (D:2)
  A hobgoblin zombie (Ossuary)
  A jackal skeleton (D:5)
  2 kobold zombies (Ossuary)
  2 orc zombies (Ossuary)
  A quokka zombie (D:6)
  7 rats
247 creatures vanquished.

Notes
Turn   | Place    | Note
-------+----------+-------------------------------------------
     0 | D:1      | nikopol the Deep Elf Fire Elementalist began the quest for
                  | the Orb.
     0 | D:1      | Reached XP level 1. HP: 10/10 MP: 6/6
   568 | D:2      | Reached XP level 2. HP: 15/15 MP: 4/8
  1054 | D:2      | Reached XP level 3. HP: 19/19 MP: 7/10
  1264 | D:2      | Reached skill level 4 in Spellcasting
  1376 | D:2      | Found a basalt altar of Yredelemnul.
  1382 | D:2      | Reached XP level 4. HP: 20/24 MP: 6/12
  1393 | D:2      | Learned a level 2 spell: Throw Flame
  1397 | D:2      | Learned a level 3 spell: Conjure Flame
  1893 | D:3      | Found a runed door.
  1897 | D:3      | Noticed Crazy Yiuf
  1903 | D:3      | Killed Crazy Yiuf
  1903 | D:3      | Reached XP level 5. HP: 28/28 MP: 4/13
  2047 | D:3      | Noticed Natasha
  2054 | D:3      | Killed Natasha
  2193 | D:3      | Noticed Sigmund
  2203 | D:3      | Killed Sigmund
  2203 | D:3      | Reached skill level 5 in Spellcasting
  2203 | D:3      | Reached skill level 5 in Fire Magic
  2203 | D:3      | Reached XP level 6. HP: 24/32 MP: 6/16
  2283 | D:3      | Noticed Natasha
  2286 | D:3      | Killed Natasha
  2297 | D:3      | Noticed Robin
  2359 | D:3      | Killed Robin
  2437 | D:3      | Learned a level 4 spell: Sticky Flame
  2443 | D:3      | Learned a level 5 spell: Fireball
  2613 | D:3      | Noticed Grinder
  2617 | D:3      | Paralysed by Grinder for 6 turns
  2629 | D:3      | Paralysed by Grinder for 6 turns
  2633 | D:3      | Killed Grinder
  2633 | D:3      | Reached skill level 6 in Spellcasting
  2633 | D:3      | Reached XP level 7. HP: 8/36 MP: 5/18
  3087 | D:3      | Noticed Natasha
  3091 | D:3      | Killed Natasha
  3434 | D:4      | Noticed Duvessa
  3434 | D:4      | Noticed Dowan
  3448 | D:4      | Killed Dowan
  3448 | D:4      | Reached skill level 5 in Conjurations
  3450 | D:4      | Killed Duvessa
  3450 | D:4      | Reached skill level 7 in Spellcasting
  3651 | D:4      | Found a staircase to the Ecumenical Temple.
  3657 | Temple   | Entered the Ecumenical Temple
  3836 | D:4      | Reached XP level 8. HP: 41/41 MP: 13/21
  4103 | D:5      | Entered Level 5 of the Dungeon
  4119 | D:5      | Noticed Prince Ribbit
  4202 | D:5      | Found a sand-covered staircase.
  4207 | Ossuary  | Entered an ossuary
  4654 | D:5      | Reached skill level 8 in Spellcasting
  5001 | D:5      | Found a sparkling altar of Nemelex Xobeh.
  5150 | D:5      | Killed Prince Ribbit
  5521 | D:6      | Reached skill level 9 in Spellcasting
  5560 | D:6      | Reached XP level 9. HP: 46/46 MP: 12/24
  5794 | D:6      | Found a glowing golden altar of the Shining One.
  6029 | D:6      | Reached skill level 10 in Spellcasting
  6167 | D:7      | Found a bloodstained altar of Trog.
  6168 | D:7      | Found a hide-covered altar of Uskayaw.
  6170 | D:7      | Found an iron altar of Okawaru.
  6629 | D:7      | Found Nuryqec's Food Shoppe.
  7098 | D:8      | Noticed Harold
  7267 | D:8      | Found a snail-covered altar of Cheibriados.
  7277 | D:8      | Found a glowing silver altar of Zin.
  7337 | D:8      | HP: 1/46 [Harold/harpoon shot (12)]
  7629 | D:8      | Found a hazy altar of Hepliaklqana.
  7629 | D:8      | Found an opulent altar of Gozag.
  7629 | D:8      | Found a burning altar of Makhleb.
  7629 | D:8      | Noticed Gastronok
  7645 | D:8      | Killed Gastronok
  7645 | D:8      | Reached skill level 11 in Spellcasting
  7645 | D:8      | Reached XP level 10. HP: 41/51 MP: 7/27
  7805 | D:7      | Killed Harold
  7973 | D:8      | Reached skill level 10 in Fire Magic
  8741 | D:8      | Found a deep blue altar of Sif Muna.
  8743 | D:8      | Reached skill level 1 in Fighting
  8755 | D:8      | Found an ancient bone altar of Kikubaaqudgha.
  8833 | D:8      | Found a radiant altar of Vehumet.
  8843 | D:8      | Identified Vehumet's Almanac of Blows and Bruises
  8847 | D:8      | Became a worshipper of Vehumet
  9108 | D:8      | Noticed a two-headed ogre
  9117 | D:8      | Killed a two-headed ogre
  9117 | D:8      | Reached skill level 12 in Spellcasting
  9574 | D:9      | Noticed an unseen horror
  9584 | D:9      | Killed an unseen horror
 10076 | D:9      | Reached XP level 11. HP: 56/57 MP: 17/29
 10129 | D:10     | Entered Level 10 of the Dungeon
 10303 | D:10     | Reached * piety under Vehumet
 10303 | D:10     | Offered knowledge of Shock by Vehumet.
 10371 | D:10     | Found a staircase to the Orcish Mines.
 10591 | D:10     | Noticed Snorg
 10601 | D:10     | HP: 2/57 [Snorg (3)]
 10602 | D:10     | Slain by Snorg

Vault maps used:
D:1:      sevenhm_arrival_forest_fort_small_4
D:2:      yredelemnul_altar_generic
D:3:      minmay_evil_eye, uniq_grinder, uniq_crazy_yiuf_cottage, uniq_natasha,
          uniq_robin, uniq_sigmund
D:4:      minmay_temple_entry_enclosed_plants, first_ration, uniq_duvessa
D:5:      enter_ossuary_5, basic_altar, uniq_prince_ribbit1
D:6:      lemuel_round_altar, hangedman_decor_diamond_cutter
D:7:      gammafunk_temple_overflow_claw, serial_shops,
          nicolae_shop_window_shopping
D:8:      palyth_temple_overflow_mages, grunt_temple_overflow_open,
          chequers_temple_overflow_statue_of_worship, uniq_gastronok,
          uniq_harold
D:10:     kennysheep_orc_monster_closet_entryway, lightli_corner_chamber,
          uniq_snorg, uniq_sonja
Temple:   nicolae_temple_figure_zero
Ossuary:  ossuary_tomb_3

Skill      XL: |  1  2  3  4  5  6  7  8  9 10 |
---------------+-------------------------------+-----
Stealth        | 3 4 |  4.9
Fire Magic     | 4 5 6 7 9 10 | 10.3
Spellcasting   | 4 5 6 7 9 11 12 | 12.4
Conjurations   | 2 3 4 5 7 8 9 |  9.5
Dodging        | 3 4 |  4.4
Armour         | 2 3 |  3.8
Fighting       | 1 |  1.9

Action                   |  1- 3 |  4- 6 |  7- 9 | 10-12 || total
-------------------------+-------+-------+-------+-------++-------
Melee: Spear             |       |       |       |   117 ||   117
 Cast: Flame Tongue      |    66 |    87 |   250 |    78 ||   481
       Conjure Flame     |       |     3 |     8 |     3 ||    14
       Throw Flame       |       |     4 |    27 |     6 ||    37
       Sticky Flame      |       |     1 |    25 |    27 ||    53
       Fireball          |       |       |    11 |    13 ||    24
  Use: Scroll            |     1 |       |    19 |       ||    20
       Potion            |       |       |     2 |     1 ||     3
  Eat: Chunk             |     1 |     4 |    15 |     4 ||    24
       Ration            |       |       |     1 |     2 ||     3
Armor: Robe              |     2 |     1 |    14 |       ||    17
       Leather armour    |       |       |       |    41 ||    41
Dodge: Dodged            |    22 |    11 |    53 |    73 ||   159

Table legend:
 A = Non-vault XP
 B = Vault XP
 C = Vault XP percentage of total XP
 D = Non-vault monster count
 E = Vault monster count
 F = Vault count percentage of total count
                 A         B        C        D         E       F
            +---------+---------+-------+---------+---------+-------
      Total |    6713 |    5071 |  43.0 |     196 |      51 |  20.6
            +---------+---------+-------+---------+---------+-------
        D:1 |       7 |       0 |   0.0 |       6 |       0 |   0.0
        D:2 |     113 |       0 |   0.0 |      31 |       0 |   0.0
        D:3 |     195 |     613 |  75.9 |      28 |      20 |  41.7
        D:4 |     384 |     211 |  35.5 |      13 |       2 |  13.3
        D:5 |     479 |     274 |  36.4 |      18 |       1 |   5.3
        D:6 |    1070 |       0 |   0.0 |      24 |       0 |   0.0
        D:7 |    1015 |     992 |  49.4 |      29 |       1 |   3.3
        D:8 |    1565 |    2534 |  61.8 |      17 |       6 |  26.1
        D:9 |    1375 |       0 |   0.0 |      16 |       0 |   0.0
       D:10 |     510 |     273 |  34.9 |      14 |       5 |  26.3
    Ossuary |       0 |     174 | 100.0 |       0 |      16 | 100.0
            +---------+---------+-------+---------+---------+-------
